 Dungeon Crawl Stone Soup version 0.19.1-1-g22dce08 (webtiles) character file.

1066 JGreham the Cleaver (level 8, 59/70 HPs)
             Began as a Minotaur Chaos Knight on Dec 26, 2016.
             Quit the game on level 5 of the Dungeon on Dec 30, 2016.
             The game lasted 00:11:07 (4606 turns).

JGreham the Cleaver (Minotaur Chaos Knight)         Turns: 4606, Time: 00:11:08

Health: 59/70      AC: 10    Str: 19      XL:     8   Next: 7%
Magic:  7/7        EV:  8    Int:  9      God:    Xom [..*...]
Gold:   179        SH:  0    Dex: 15 (16) Spells: 0 memorised, 7 levels left

rFire  . . .     SeeInvis .     m - +4 war axe
rCold  . . .     Gourm    .     t - +0 chain mail of Generosity {rN+ Dex+6}
rNeg   + . .     Faith    .     (no shield)
rPois  .         Spirit   .     (helmet restricted)
rElec  .         Reflect  .     (no cloak)
rCorr  .         Harm     +     (no gloves)
MR     .....                    (no boots)
Stlth  ..........               e - amulet of harm
                                (no ring)
                                l - ring of wizardry

@: no status effects
A: retaliatory headbutt, horns 2
a: Renounce Religion


You were on level 5 of the Dungeon.
You worshipped Xom.
You were a toy of Xom.
You were not hungry.

You visited 1 branch of the dungeon, and saw 5 of its levels.

You collected 229 gold pieces.
You spent 50 gold pieces at shops.

Inventory:

Hand Weapons
 a - a +0 hand axe of chaos
 m - a +4 war axe (weapon)
Armour
 b - a +2 leather armour
 f - a +0 chain mail
 t - the +0 chain mail of Generosity (worn) {rN+ Dex+6}
   (You found it on level 4 of the Dungeon)

   It affects your dexterity (+6).
   It protects you from negative energy.
Jewellery
 e - an amulet of harm (around neck)
 l - a ring of wizardry (left hand)
Wands
 k - a wand of digging (11/24)
Scrolls
 r - a scroll of identify
 s - a scroll of remove curse
Potions
 d - a potion of ambrosia {unknown}
 g - a potion of invisibility {unknown}
 h - a potion of mutation {unknown}
 i - 2 potions of haste
 n - 2 potions of flight {unknown}
 o - a potion of magic {unknown}
 p - a potion of berserk rage {unknown}
 q - 2 potions of curing {unknown}
Comestibles
 c - a bread ration


   Skills:
 + Level 6.1 Fighting
 + Level 8.6 Axes
 + Level 6.4 Armour
 - Level 2.0 Dodging
 - Level 0.1 Stealth
 + Level 0.2 Unarmed Combat
 + Level 0.3 Evocations


You had 7 spell levels left.
You didn't know any spells.

Dungeon Overview and Level Annotations

Branches:
Dungeon (5/15)
 Temple: D:4-7

Altars:
Kikubaaqudgha
Xom

Shops:
D:4 ?


Innate Abilities, Weirdness & Mutations

You reflexively headbutt those who attack you in melee.
You have a pair of horns on your head.


Message History

Unknown command.
You hit the orc.
The orc is heavily wounded.
The orc barely misses you. You furiously retaliate!
You headbutt the orc!
You kill the orc!
The orc throws a tomahawk.
The tomahawk hits you but does no damage.
Items here: ( )) [[ †† The orc hits you with a mace.
You hit the orc.
The orc is lightly wounded.
The orc hits you with a mace.
You hit the orc. Your headbutt misses the orc.
The orc is heavily wounded.
The orc hits you with a mace.
You closely miss the orc. You headbutt the orc.
You kill the orc!
No target in view!
No target in view!
Are you sure you want to abandon this character and quit the game? (Confirm with "yes".)

.. ###.#### .......
##### ..$..## #....
..... #...#
...#####. #<#...#
#)....... #.#...#
#@.......
#.#...#####(....!..
#.#.......)(.......
#.#....####......##
#.#.##.# #......#
#.#.##.# #......#
#.#.(#.# ########
#.##.#.# #.##.#.#


There were no monsters in sight!

Vanquished Creatures
  The ghost of dcssunderhound the Skirmisher, an amateur OpTm (D:3)
  4 ogres
  A quasit (D:5)
  3 orc priests
  3 orc wizards
  2 worker ants (D:4)
  7 adders
  8 gnolls
  A river rat (D:3)
  An ooze (D:1)
  An adder skeleton (D:4)
  2 worms
  2 dart slugs
  A leopard gecko (D:2)
  10 orcs
  9 bats
  3 giant cockroaches
  4 goblins
  4 hobgoblins
  4 jackals (D:5)
  A quokka (D:2)
  5 frilled lizards
  4 kobolds
  A leopard gecko zombie (D:5)
  A quokka skeleton (D:5)
  10 rats
93 creatures vanquished.

Vanquished Creatures (collateral kills)
  A phantom (D:4)
  3 orcs (D:5)
4 creatures vanquished.

Grand Total: 97 creatures vanquished

Notes
Turn   | Place    | Note
-------+----------+-------------------------------------------
     0 | D:1      | JGreham the Minotaur Chaos Knight began the quest for the Orb.
     0 | D:1      | Reached XP level 1. HP: 19/19 MP: 0/0
    73 | D:1      | Reached XP level 2. HP: 24/27 MP: 1/1
   204 | D:1      | XOM: divination: magic mapping
   231 | D:1      | Reached skill level 4 in Axes
   270 | D:1      | XOM: divination: detect creatures
   417 | D:2      | Reached XP level 3. HP: 33/33 MP: 2/2
   639 | D:2      | XOM: divination: magic mapping
   691 | D:2      | XOM: noise
   748 | D:2      | XOM: harmless Pois miscast
   945 | D:2      | Reached skill level 5 in Axes
   945 | D:2      | Reached XP level 4. HP: 41/41 MP: 3/3
   961 | D:2      | XOM: harmless Pois miscast
  1280 | D:3      | XOM: divination: magic mapping
  1347 | D:3      | XOM: mild Hex miscast
  1544 | D:3      | XOM: silly message
  1606 | D:3      | Noticed dcssunderhound's ghost (amateur OpTm)
  1621 | D:3      | Killed dcssunderhound's ghost
  1621 | D:3      | Reached skill level 5 in Fighting
  1621 | D:3      | Reached skill level 6 in Axes
  1621 | D:3      | Reached XP level 5. HP: 47/48 MP: 4/4
  1621 | D:3      | Reached XP level 6. HP: 55/56 MP: 5/5
  2337 | D:4      | XOM: torment (10/56 hp)
  2765 | D:4      | Reached skill level 7 in Axes
  3061 | D:4      | XOM: harmless Chrm miscast
  3095 | D:4      | XOM: mild Conj miscast
  3102 | D:4      | XOM: blink monster(s)
  3105 | D:4      | XOM: fake destruction
  3106 | D:4      | Reached XP level 7. HP: 47/61 MP: 6/6
  3114 | D:4      | Reached skill level 5 in Armour
  3233 | D:4      | Found a shimmering altar of Xom.
  3233 | D:4      | Found a shimmering altar of Xom.
  3233 | D:4      | Found a shimmering altar of Xom.
  3233 | D:4      | Found a shimmering altar of Xom.
  3233 | D:4      | Found a shimmering altar of Xom.
  3233 | D:4      | Found a shimmering altar of Xom.
  3233 | D:4      | Found a shimmering altar of Xom.
  3233 | D:4      | XOM: 8-stop teleportation journey
  3237 | D:4      | Found Liurej's Magic Scroll Shop.
  3405 | D:4      | Bought a scroll of identify for 20 gold pieces
  3405 | D:4      | Bought a scroll of remove curse for 30 gold pieces
  3446 | D:4      | XOM: summons 3 friendly demons
  3559 | D:4      | XOM: smoke on damage
  3560 | D:4      | XOM: cast spell 'Spider Form'
  3569 | D:4      | XOM: enchant monster (good)
  3794 | D:4      | Got an encrusted chain mail
  3805 | D:4      | Identified the +0 chain mail of Generosity {rN+ Dex+6} (You found it on level 4 of the Dungeon)
  3824 | D:4      | Found an ancient bone altar of Kikubaaqudgha.
  3939 | D:4      | XOM is BORED!
  3939 | D:4      | XOM: severe Necr miscast
  4075 | D:5      | Entered Level 5 of the Dungeon
  4075 | D:5      | XOM: scenery: create altars
  4078 | D:5      | Reached skill level 8 in Axes
  4232 | D:5      | Reached XP level 8. HP: 28/70 MP: 7/7
  4234 | D:5      | XOM: summons 4 hostile demons
  4239 | D:5      | HP: 2/70 [white imp/puff of frost[Xom] (6)]
  4325 | D:5      | XOM: god gift: dented soapstone amulet {god gift}
  4565 | D:5      | Upgraded the game from 0.19.1 to 0.19.1-1-g22dce08
  4595 | D:5      | XOM: harmless Tloc miscast
  4606 | D:5      | Quit the game

Skill      XL: |  1  2  3  4  5  6  7 |
---------------+----------------------+-----
Fighting       | 4 5 6 |  6.1
Axes           | 4 5 6 7 8 |  8.6
Armour         | 4 6 |  6.4
Dodging        | 2 |  2.0
Stealth        | |  0.1
Unarmed Combat | |  0.2
Evocations     | |  0.3

Action                   |  1- 3 |  4- 6 |  7- 9 || total
-------------------------+-------+-------+-------++-------
Melee: Hand axe          |    74 |    14 |       ||    88
       Headbutt          |     7 |     9 |    10 ||    26
       War axe           |       |    67 |    79 ||   146
       Unarmed           |       |       |     1 ||     1
Evoke: Wand              |       |       |     1 ||     1
  Use: Scroll            |     2 |     6 |     3 ||    11
 Stab: Paralysed         |       |     1 |       ||     1
  Eat: Royal jelly       |     1 |       |       ||     1
       Beef jerky        |     1 |       |       ||     1
       Meat ration       |       |     1 |       ||     1
       Fruit             |       |     1 |       ||     1
       Pizza             |       |     1 |       ||     1
       Bread ration      |       |       |     1 ||     1
Armor: Chain mail        |    55 |    40 |    54 ||   149
Dodge: Dodged            |    27 |    40 |    32 ||    99
